 Dungeon Crawl Stone Soup version 0.20.0-8-g6b59dc7 (webtiles) character file.

687 JarielCorvus the Magician (level 7, -3/36 HPs)
             Began as a Deep Elf Venom Mage on May 31, 2017.
             Slain by an ice beast (11 damage)
             ... on level 5 of the Dungeon.
             The game lasted 00:21:54 (5337 turns).

JarielCorvus the Magician (Deep Elf Venom Mage)     Turns: 5337, Time: 00:21:55

Health: -3/36      AC:  4    Str:  5    XL:     7   Next: 35%
Magic:  9/20       EV: 13    Int: 22    God:
Gold:   87         SH:  0    Dex: 15    Spells: 6/21 levels left

rFire    . . .     SeeInvis .   s - staff of energy
rCold    . . .     Gourm    .   (no shield)
rNeg     . . .     Faith    .   a - +1 robe
rPois    .         Spirit   .   (no helmet)
rElec    .         Reflect  .   t - +0 cloak
rCorr    .         Harm     .   (no gloves)
MR       .....                  (no boots)
Stlth    ++........             (no amulet)
Regen    0.2/turn               (no ring)
MPRegen  0.2/turn               (no ring)

@: hasted, very quick
A: no striking features
a: no special abilities


You were on level 5 of the Dungeon.
You were not hungry.

You visited 1 branch of the dungeon, and saw 5 of its levels.

You collected 87 gold pieces.

Inventory:

Hand Weapons
 j - a +1 dagger
 q - a +4 quarterstaff of chaos
Armour
 a - a +1 robe (worn)
 t - a +0 cloak (worn)
Magical Staves
 s - an uncursed staff of energy (weapon)
Wands
 i - a wand of flame (32/48)
 r - a wand of lightning (4/15)
Scrolls
 e - 3 scrolls of remove curse
 g - 2 scrolls of teleportation
Potions
 l - a potion of curing
Books
 b - a Young Poisoner's Handbook

   Spells                             Type                      Level
   a - Sting                          Conjuration/Poison           1
   b - Poisonous Vapours              Poison/Air                   2
   c - Mephitic Cloud                 Conjuration/Poison/Air       3
   d - Olgreb's Toxic Radiance        Poison                       4
   e - Venom Bolt                     Conjuration/Poison           5
Comestibles
 c - 2 bread rations
 f - a meat ration
 k - 2 royal jellies
 p - 3 fruits


   Skills:
 - Level 2.4 Dodging
 - Level 2.4 Stealth
 * Level 7.7 Spellcasting
 + Level 4.7 Conjurations
 + Level 5.5 Poison Magic


You had 6 spell levels left.
You knew the following spells:

 Your Spells              Type           Power        Failure   Level  Hunger
a - Sting                 Conj/Pois      ####         1%          1    None
b - Poisonous Vapours     Pois/Air       ###...       3%          2    None
c - Mephitic Cloud        Conj/Pois/Air  ###.....     5%          3    None
d - Olgreb's Toxic Radia  Pois           ####....     8%          4    None
e - Venom Bolt            Conj/Pois      ####......   26%         5    None


Dungeon Overview and Level Annotations

Branches:
Dungeon (5/15)
 Temple: D:4-7

Altars:
Dithmenos
Yredelemnul


Message History

Evoke which item? (* to show all) (? for menu, Esc to quit)
Aiming: Throw Flame (will waste charges)
Press: ? - help, Shift-Dir - straight line, f/p - quokka zombie
Aim: a quokka zombie (moderately damaged)
The puff of flame hits the quokka zombie.
You destroy the quokka zombie!
Evoking this partially-identified wand wasted a few charges.
The ice beast hits you. The ice beast freezes you.
* * * LOW HITPOINT WARNING * * *
You feel much better. The ice beast hits you. The ice beast freezes you!
The crimson imp lashes its tail.
The ooze hits you but does no damage.
You feel better. The ice beast closely misses you. The ooze barely misses you.
You feel yourself speed up. The ice beast hits you. The ice beast freezes you!
The ooze closely misses you.
The ice beast hits you but does no damage.
The ice beast hits you.
* * * LOW HITPOINT WARNING * * *
The ice beast freezes you!
You die...

###+## #....##+####
+.JY.......#..<....
#.@5.......#.......
#....##....+.....#
####....##....#.....#
........##....#.....#
........##....#.....#
..............#.....##
..##..........ยง.......
...##....<.....#.<.....
#.........>.#.......


You could see an ice beast, a crimson imp and an ooze.

Vanquished Creatures
  Prince Ribbit (D:5)
  2 scorpions
  2 howler monkeys
  A hound (D:4)
  Crazy Yiuf (D:4)
  2 orc wizards (D:4)
  3 worker ants (D:4)
  7 adders
  A gnoll (D:2)
  5 worms
  A dart slug (D:2)
  3 leopard geckos
  7 orcs
  2 giant cockroaches (D:1)
  3 goblins
  4 hobgoblins
  6 kobolds
  4 quokkas
  A ball python (D:2)
  5 bats
  6 frilled lizards (D:2)
  A quokka zombie (D:5)
  5 rats
73 creatures vanquished.

Notes
Turn   | Place    | Note
-------+----------+-------------------------------------------
     0 | D:1      | JarielCorvus the Deep Elf Venom Mage began the quest for the Orb.
     0 | D:1      | Reached XP level 1. HP: 10/10 MP: 6/6
   230 | D:1      | Reached XP level 2. HP: 15/15 MP: 4/8
   234 | D:1      | Learned a level 2 spell: Poisonous Vapours
   862 | D:2      | Reached XP level 3. HP: 17/19 MP: 1/10
  1046 | D:2      | Learned a level 3 spell: Mephitic Cloud
  1360 | D:2      | Reached skill level 4 in Spellcasting
  1662 | D:2      | Found a shadowy altar of Dithmenos.
  1922 | D:2      | Reached XP level 4. HP: 24/24 MP: 8/12
  2076 | D:2      | Learned a level 4 spell: Olgreb's Toxic Radiance
  3425 | D:4      | Reached skill level 5 in Spellcasting
  3425 | D:4      | Reached XP level 5. HP: 28/28 MP: 3/14
  4069 | D:4      | Reached skill level 6 in Spellcasting
  4069 | D:4      | Reached XP level 6. HP: 32/32 MP: 11/17
  4113 | D:4      | Learned a level 5 spell: Venom Bolt
  4294 | D:4      | Reached skill level 5 in Poison Magic
  4472 | D:4      | Found a basalt altar of Yredelemnul.
  4500 | D:4      | Found a runed door.
  4807 | D:4      | Noticed Crazy Yiuf
  4811 | D:4      | Killed Crazy Yiuf
  4950 | D:5      | Entered Level 5 of the Dungeon
  5030 | D:5      | Noticed Prince Ribbit
  5112 | D:5      | Killed Prince Ribbit
  5112 | D:5      | Reached skill level 7 in Spellcasting
  5112 | D:5      | Reached XP level 7. HP: 36/36 MP: 4/19
  5337 | D:5      | Slain by an ice beast

Skill      XL: |  1  2  3  4  5  6 |
---------------+-------------------+-----
Conjurations   | 2 3 4 |  4.7
Spellcasting   | 4 5 6 7 |  7.7
Poison Magic   | 4 5 |  5.5
Dodging        | |  2.4
Stealth        | |  2.4

Action                   |  1- 3 |  4- 6 |  7- 9 || total
-------------------------+-------+-------+-------++-------
Melee: Staff             |       |     7 |     7 ||    14
 Cast: Sting             |    79 |    76 |    18 ||   173
       Poisonous Vapours |       |    35 |     6 ||    41
       Olgreb's Toxic Ra |       |     1 |       ||     1
       Mephitic Cloud    |       |     3 |       ||     3
Evoke: Wand              |       |       |     2 ||     2
  Use: Scroll            |     3 |     8 |     2 ||    13
       Potion            |     3 |     2 |     3 ||     8
  Eat: Bread ration      |     1 |     2 |       ||     3
       Chunk             |       |     2 |       ||     2
Armor: Robe              |     6 |     4 |     9 ||    19
Dodge: Dodged            |    10 |    15 |    28 ||    53
